 Dungeon Sprint DCSS version 0.29.1-15-g9cfb28693d (webtiles) character file.

Game seed: 5526607150564706258

3746 Groucho the Covert (level 9, 0/46 HPs)
             Began as a Felid Transmuter on Feb 22, 2023.
             Was the Champion of Dithmenos.
             Slain by a large abomination (24 damage)
             ... in the Dungeon (Sprint VII: "The Pits").
             The game lasted 00:08:33 (2924 turns).

Groucho the Covert (Felid Transmuter)               Turns: 2924, Time: 00:08:34

Health: 0/46       AC:  5    Str: 11    XL:     9   Next: 93%
Magic:  21/23      EV: 32    Int: 18    God:    Dithmenos [******]
Gold:   0          SH:  0    Dex: 21    Spells: 18/26 levels left
                                        Lives:  0   Deaths: 3

rFire   . . .      SeeInvis +     - Unarmed
rCold   . . .      Faith    .   (shield unavailable)
rNeg    . . .      Spirit   .   (body armour unavailable)
rPois   x          Reflect  .   (helmet unavailable)
rElec   .          Harm     .   (cloak unavailable)
rCorr   .          Rampage  .   (gloves unavailable)
Will    +....      NoTele   +   (boots unavailable) Stlth *+++++++++
                                (no amulet)
HPRegen 0.15/turn               d - +3 ring of protection
MPRegen 0.18/turn               g - +3 ring of strength

@: spider-form, wreathed by umbra
A: venomous fangs, tiny, (claws 1), (fangs 3), see invisible, (speed 1), (shaggy
fur 2), (stealthy paws), no weapons or thrown items, no armour, multi-lived
a: End Transformation, Renounce Religion, Shadow Step, Shadow Form


You were in the Dungeon.
You worshipped Dithmenos.
Dithmenos was exalted by your worship.
You were a venomous arachnid creature.
You visited 1 branch

Inventory:

Jewellery
 d - a +3 ring of protection (left front leg)
 g - a +3 ring of strength (right front leg)
Scrolls
 i - 5 scrolls of amnesia
 j - a scroll of summoning
Potions
 b - 5 potions of curing
 c - 2 potions of heal wounds
 e - 4 potions of magic
 h - a potion of brilliance
 k - a potion of might
 l - 2 potions of haste


   Skills:
 + Level 10.1 Fighting
 + Level 12.8 Dodging
 + Level 13.7 Stealth
 + Level 10.1 Unarmed Combat
 + Level 9.1 Spellcasting
 + Level 10.9 Transmutations
 + Level 1.2 Ice Magic
 + Level 5.0 Poison Magic
 + Level 9.0 Invocations


You had 18 spell levels left.
You knew the following spells:

 Your Spells              Type           Power      Damage    Failure   Level
a - Beastly Appendage     Tmut           94%        N/A       1%          1
b - Spider Form           Tmut/Pois      37%        N/A       5%          3
c - Ice Form              Ice/Tmut       30%        N/A       19%         4

Your spell library contained the following spells:

 Spells                   Type           Power      Damage    Failure   Level
 Wereblood                Tmut           47%        N/A       1%          2


Dungeon Overview and Level Annotations

Branches:
Dungeon (1/1)

Altars:
Ashenzari
Cheibriados
Dithmenos
Elyvilon
Fedhas
Gozag
Hepliaklqana
Kikubaaqudgha
Makhleb
Nemelex Xobeh
Okawaru
Qazlal
Ru
Sif Muna
Trog
Uskayaw
Vehumet
Wu Jian
Xom
Yredelemnul
Zin
The Shining One
Jiyva
Lugonu


Innate Abilities, Weirdness & Mutations

You are a venomous arachnid creature.
You have poisonous fangs.
You are tiny and dextrous.
Your spellcasting is less reliable in this form.
((You have sharp claws.))
((You have razor-sharp teeth.))
You have supernaturally acute eyesight. (SInv)
((You cover ground quickly. (Speed+)))
((You are covered in thick fur. (AC +2)))
((Your paws help you pounce on unaware monsters.))
You are incapable of wielding weapons or throwing items.
You cannot wear armour.
You gain extra lives every three experience levels.


Message History

There is an open door here.
There is an open door here.
The blink frog blinks!
You feel much better.
Casting: Beastly Appendage (safe; 1% risk of failure)
Confirm with . or Enter, or press ? or * to list all spells.
Your horns disappear.
You turn into a venomous arachnid creature.
The large abomination closely misses you.
You hit the large abomination but do no damage.
The large abomination is lightly damaged.
The large abomination hits you!
You emit a cloud of dark smoke.
You are too injured to fight recklessly!
You are too injured to fight recklessly!
You are too injured to fight recklessly!
Unknown command.
You are too injured to fight recklessly!
You are too injured to fight recklessly!
You hit the large abomination.
The large abomination is moderately damaged.
Unknown command.
Unknown command.
You bite the blink frog!
The blink frog is poisoned.
The blink frog is almost dead.
The large abomination misses you.
The blink frog blinks!
Unknown command.
You bite the large abomination!
The large abomination is moderately damaged.
Your shadow hits the large abomination but does no damage.
The large abomination completely misses you.
Unknown command.
Unknown command.
Unknown command.
You hit the large abomination but do no damage.
The large abomination is moderately damaged.
You kill the blink frog!
Dithmenos accepts your kill. The large abomination hits you!!
Ouch! That really hurt!
You die...

))'.##......#..#......#
###.##...........)..÷.+
.....'................+
'#####......#..#....÷.#
.#..##................#
.#))#####'#####''######
.#))##.......##§§### ######
##))##.......##§§§§##..+...
.#[[##.......##§s§##...#..#
.#'###...<...##§X##...##..#
....##.......##§§#...##...+
....##.......##..'..##....###
######.......##.##..#.......###
.#.)#############...+.........##
.#)########### #....#....####..##
.#)#..).#..[[##..#.§##..##..##..X
.#'#....#..[[##.###..##.+....'..#


You could see a large abomination.

Vanquished Creatures
  A catoblepas (D)
  A hydra (D)
  2 boulder beetles (D)
  An orc knight (D)
  An elephant (D)
  A smoke demon (D)
  A komodo dragon (D)
  An unseen horror (D)
  A freezing wraith (D)
  2 polar bears (D)
  4 dream sheep (D)
  2 blink frogs (D)
  A spriggan (D)
  A ynoxinul (D)
  A floating eye (D)
  A water moccasin (D)
  A kobold brigand (D)
  A gnoll sergeant (D)
  An orc priest (D)
  Jessica (D)
  2 orc wizards (D)
  5 gnolls (D)
  An adder (D)
  2 white imps (D)
  2 ufetubi (D)
  7 orcs (D)
  A ball python (D)
  A bat zombie (D)
  2 giant cockroaches (D)
  2 hobgoblins (D)
  3 jackals (D)
  A quokka (D)
  A ball python zombie (D)
  A bat (D)
  A bat simulacrum (D)
  A frilled lizard (D)
59 creatures vanquished.

Vanquished Creatures (others)
  A jackal (D)
1 creature vanquished.

Grand Total: 60 creatures vanquished

Notes
Turn   | Place    | Note
-------+----------+-------------------------------------------
     0 | D        | Groucho the Felid Transmuter began the quest for the Orb.
     0 | D        | Reached XP level 1. HP: 9/9 MP: 4/4
    38 | D        | Found a bloodstained altar of Trog.
    38 | D        | Found a shimmering blue altar of Sif Muna.
    38 | D        | Found a viscous altar of Jiyva.
    38 | D        | Found a hazy altar of Hepliaklqana.
    38 | D        | Found an opulent altar of Gozag.
    39 | D        | Found a glowing golden altar of the Shining One.
    39 | D        | Found a glowing silver altar of Zin.
    39 | D        | Found a basalt altar of Yredelemnul.
    39 | D        | Found a shimmering altar of Xom.
    39 | D        | Found an ornate altar of the Wu Jian Council.
    39 | D        | Found a sacrificial altar of Ru.
    39 | D        | Found a stormy altar of Qazlal.
    39 | D        | Found an iron altar of Okawaru.
    39 | D        | Found a sparkling altar of Nemelex Xobeh.
    39 | D        | Found a burning altar of Makhleb.
    39 | D        | Found a blossoming altar of Fedhas.
    39 | D        | Found a white marble altar of Elyvilon.
    39 | D        | Found a shadowy altar of Dithmenos.
    39 | D        | Found a snail-covered altar of Cheibriados.
    41 | D        | Found a radiant altar of Vehumet.
    41 | D        | Found a corrupted altar of Lugonu.
    42 | D        | Found a hide-covered altar of Uskayaw.
    42 | D        | Found an ancient bone altar of Kikubaaqudgha.
    42 | D        | Found a broken altar of Ashenzari.
    57 | D        | Became a worshipper of Dithmenos the Shadowed
    69 | D        | Noticed a floating eye
    71 | D        | Paralysed by a floating eye for 2 turns
    77 | D        | Paralysed by a floating eye for 4 turns
    83 | D        | Killed a floating eye
    84 | D        | Reached skill level 5 in Dodging
    84 | D        | Reached skill level 5 in Stealth
    84 | D        | Reached XP level 2. HP: 9/14 MP: 4/7
    84 | D        | Reached XP level 3. HP: 11/17 MP: 5/9
    84 | D        | Reached XP level 4. HP: 14/21 MP: 5/10
   373 | D        | Reached * piety under Dithmenos
   633 | D        | Reached ** piety under Dithmenos
   635 | D        | Reached skill level 1 in Invocations
   692 | D        | Noticed a gnoll sergeant
   706 | D        | Reached *** piety under Dithmenos
   707 | D        | Reached XP level 5. HP: 25/25 MP: 12/12
   712 | D        | Reached skill level 5 in Unarmed Combat
   725 | D        | Reached skill level 6 in Stealth
   725 | D        | Reached skill level 5 in Transmutations
   726 | D        | Reached **** piety under Dithmenos
   741 | D        | Reached ***** piety under Dithmenos
   742 | D        | Noticed a ynoxinul
   747 | D        | Killed from afar by a ynoxinul
   748 | D        | Reached XP level 4. HP: -6/22 MP: 11/11
   753 | D        | Killed a ynoxinul
   754 | D        | Reached skill level 5 in Fighting
   754 | D        | Reached skill level 7 in Stealth
   754 | D        | Reached skill level 5 in Spellcasting
   754 | D        | Reached XP level 5. HP: 26/26 MP: 11/13
   754 | D        | Gained mutation: You are covered in thick fur. (AC +2)
                  | [Felid growth]
   754 | D        | Reached XP level 6. HP: 30/30 MP: 11/14
   756 | D        | Noticed a water moccasin
   762 | D        | Killed a water moccasin
   763 | D        | Reached skill level 8 in Stealth
   766 | D        | Noticed an orc knight
   766 | D        | Noticed a freezing wraith
   767 | D        | Noticed Jessica
   772 | D        | Killed a freezing wraith
   773 | D        | Reached skill level 9 in Stealth
   773 | D        | Reached skill level 5 in Invocations
   773 | D        | Reached XP level 7. HP: 35/35 MP: 12/17
   779 | D        | Killed an orc knight
   779 | D        | Reached ****** piety under Dithmenos
   780 | D        | Reached skill level 10 in Stealth
   780 | D        | Reached XP level 8. HP: 40/40 MP: 13/19
   782 | D        | Killed Jessica
   862 | D        | Learned a level 3 spell: Spider Form
   867 | D        | Noticed a catoblepas
   874 | D        | Slain by a catoblepas
   875 | D        | Reached XP level 7. HP: -4/54 MP: 15/18
   904 | D        | Killed a catoblepas
   905 | D        | Reached skill level 10 in Dodging
   905 | D        | Reached skill level 11 in Stealth
   905 | D        | Reached XP level 8. HP: 20/40 MP: 20/20
  1276 | D        | Noticed a smoke demon
  1294 | D        | Killed a smoke demon
  1295 | D        | Reached skill level 1 in Poison Magic
  1541 | D        | Noticed a boulder beetle
  1569 | D        | Killed a boulder beetle
  1570 | D        | Reached skill level 12 in Stealth
  1570 | D        | Reached XP level 9. HP: 43/45 MP: 21/21
  1872 | D        | Noticed an elephant
  1872 | D        | Noticed a polar bear
  1875 | D        | Killed an elephant
  1879 | D        | Killed a polar bear
  1885 | D        | Noticed an unseen horror
  1894 | D        | Noticed a boulder beetle
  1911 | D        | Noticed a five-headed hydra
  1913 | D        | Killed an unseen horror
  1914 | D        | Reached skill level 10 in Transmutations
  1915 | D        | Killed a five-headed hydra
  1918 | D        | Reached skill level 13 in Stealth
  1918 | D        | Reached XP level 10. HP: 41/49 MP: 14/23
  1920 | D        | Demolished by a boulder beetle
  1921 | D        | Reached XP level 9. HP: -16/46 MP: 15/22
  1959 | D        | Killed a boulder beetle
  2004 | D        | Reached skill level 10 in Unarmed Combat
  2516 | D        | Learned a level 4 spell: Ice Form
  2517 | D        | Noticed a polar bear
  2517 | D        | Noticed a komodo dragon
  2522 | D        | Killed a komodo dragon
  2523 | D        | Reached skill level 10 in Fighting
  2528 | D        | Killed a polar bear
  2529 | D        | Reached skill level 1 in Ice Magic
  2877 | D        | Noticed a skeletal warrior
  2877 | D        | Noticed a skeletal warrior
  2877 | D        | Noticed a skeletal warrior
  2882 | D        | Noticed an elephant
  2897 | D        | Reached skill level 5 in Poison Magic
  2924 | D        | Slain by a large abomination

Illustrated notes

Levels and vault maps discovered:
D:        pitsprint [storerooms_1, entrance_room_1, metal_vault_7, armoury_3,
          mini_pit_1, grid_room_1, main_hall_1, silver_pit, the_coven_1,
          the_vestibule_1, steel_vault_2, golden_pit, hallway_of_sentries,
          crystal_vault_2, iron_vault_4, final_vault]

Skill      XL: |  1  2  3  4  5  6  7  8  9 |
---------------+----------------------------+-----
Fighting       | 3 5 6 7 8 10 | 10.1
Dodging        | 5 7 8 10 11 12 | 12.8
Stealth        | 5 7 6 9 11 12 13 | 13.7
Unarmed Combat | 4 6 5 7 8 10 | 10.1
Spellcasting   | 3 5 6 7 9 |  9.1
Transmutations | 4 6 5 7 8 9 10 | 10.9
Invocations    | 3 2 5 6 7 9 |  9.0
Poison Magic   | 2 5 |  5.0
Ice Magic      | 1 |  1.2

Action                   |  1- 3 |  4- 6 |  7- 9 | 10-12 || total
-------------------------+-------+-------+-------+-------++-------
Melee: Unarmed           |    10 |    63 |   125 |       ||   198
       Bite              |     4 |     5 |    15 |       ||    24
       Headbutt          |       |       |    14 |       ||    14
       Punch             |       |       |     8 |       ||     8
 Cast: Beastly Appendage |       |       |     5 |       ||     5
       Spider Form       |       |       |     2 |       ||     2
Invok: Shadow Step       |       |       |     4 |       ||     4
  Use: Scroll            |     1 |       |       |       ||     1
       Potion            |       |     5 |    13 |       ||    18
 Stab: Invisible         |       |     5 |     1 |       ||     6
       Sleeping          |       |     9 |    14 |       ||    23
       Petrified         |       |       |     3 |       ||     3
Armor: Skin              |       |       |    16 |       ||    16
Dodge: Dodged            |     3 |    77 |   133 |       ||   213
